 Dungeon Crawl Stone Soup version 0.29-a0-1047-g7c58e119a4 (webtiles) character file.

Game seed: 7155626331870794388

58 greasedhog the Trooper (level 4, -2/30 HPs)
             Began as a Gargoyle Abyssal Knight on Aug 17, 2022.
             Was a Believer of Lugonu.
             Slain by a gnoll
             ... wielding a +0 halberd
              (11 damage)
             ... on level 2 of the Dungeon.
             The game lasted 00:01:44 (1910 turns).

greasedhog the Trooper (Gargoyle Abyssal Knight)    Turns: 1910, Time: 00:01:44

Health: -2/30      AC:  6    Str: 19    XL:     4   Next: 1%
Magic:  5/5        EV: 11    Int: 10    God:    Lugonu [**....]
Gold:   99         SH:  0    Dex: 10    Spells: 3/3 levels left

rFire   . . .      SeeInvis .   a - +1 mace
rCold   . . .      Faith    .   (no shield)
rNeg    + . .      Spirit   .   b - +0 leather armour
rPois   ∞          Reflect  .   (no helmet)
rElec   +          Harm     .   (no cloak)
rCorr   .          Rampage  .   (no gloves)
Will    .....                   (no boots)
Stlth   +.........              (no amulet)
HPRegen 0.10/turn               (no ring)
MPRegen 0.09/turn               (no ring)

@: no status effects
A: sickness immunity, AC +3, negative energy resistance 1, electricity
resistance, torment resistance 1, petrification resistance
a: Renounce Religion, Depart the Abyss, Bend Space


You were on level 2 of the Dungeon.
You worshipped Lugonu.
Lugonu was pleased with you.
You visited 1 branch of the dungeon, and saw 2 of its levels.
You visited the Abyss 1 time.

You collected 99 gold pieces.

Inventory:

Hand Weapons
 a - a +1 mace (weapon)
Armour
 b - a +0 leather armour (worn)
Wands
 k - a wand of flame (11)
Scrolls
 e - a scroll of summoning
 g - a scroll of blinking
 h - 3 scrolls of teleportation {unknown}
 l - a scroll of silence {unknown}
 m - a scroll of identify
 o - a scroll of enchant weapon {unknown}
Potions
 c - a potion of lignification {unknown}
 d - a potion of might {unknown}
 f - a potion of curing {unknown}
 i - a potion of attraction {unknown}
 j - a potion of berserk rage {unknown}
 n - a potion of degeneration {unknown}


   Skills:
 * Level 4.3 Fighting
 * Level 3.2 Maces & Flails
 - Level 2.1 Armour
 - Level 0.7 Dodging
 - Level 2.0 Invocations


You had 3 spell levels left.
You didn't know any spells.
Your spell library was empty.

Dungeon Overview and Level Annotations

Branches:
Dungeon (2/15)

Altars:


Innate Abilities, Weirdness & Mutations

You are immune to sickness and miasma.
Your stone body is resilient. (AC +3)
You are immune to poison.
You resist negative energy. (rN+)
You are resistant to electric shocks. (rElec)
You are resistant to unholy torment.
You are immune to petrification.


Message History

The goblin unwields a +0 sling.
The goblin wields a +0 club.
The goblin barely misses you.
The gnoll hits you from afar with a +0 halberd.
The goblin hits you but does no damage.
You closely miss the goblin.
The gnoll hits you from afar with a +0 halberd.
The goblin hits you but does no damage.
You barely miss the goblin. The gnoll closely misses you.
The goblin hits you with a +0 club. The gnoll misses you.
You closely miss the goblin. The goblin completely misses you.
The gnoll hits you from afar with a +0 halberd.
The goblin barely misses you.
The gnoll hits you from afar with a +0 halberd!
The goblin hits you but does no damage. The goblin attacks as you move away!
The goblin barely misses you.
The goblin unwields a +0 club.
The goblin wields a +0 sling.
The goblin shoots a sling bullet.
The sling bullet misses you.
The goblin shoots a sling bullet.
The sling bullet barely misses you.
The goblin shoots a sling bullet.
The sling bullet hits you but does no damage.
The goblin shoots a sling bullet.
The sling bullet barely misses you.
The goblin shoots a sling bullet.
The sling bullet barely misses you.
The goblin shoots a sling bullet.
The sling bullet hits you but does no damage.
A goblin is nearby!
There is an open door here.
You start resting.
A goblin is nearby!
The goblin unwields a +0 sling.
The goblin wields a +0 club.
The goblin closely misses you. The gnoll barely misses you.
You sock the goblin!
You kill the goblin!
Lugonu accepts your kill.
The gnoll hits you from afar with a +0 halberd.
* * * LOW HITPOINT WARNING * * *
You have reached level 4!
You feel stronger. The gnoll barely misses you.
The gnoll hits you from afar with a +0 halberd!
You die...

####.....#.......###......#######
...)......................+.....#
####.....#................#####.#
#.............###.............
#...#..8..#...# ###.......####
#...##...##g.#########..######
#...#######.g# #........# #..
#...##...##..###.####...# #.#
####...#..8..#..@..........# #.#
....................###....####.#
#######...###..####.###..........
...................>....#........
.#################......##.#####†
## ##...#........#..
#.......##.##.#.#
#.......##.##.#.#
#.......##.##.#.#


You could see 2 gnolls.

Vanquished Creatures
  A gnoll (D:2)
  An adder (D:2)
  A worm (D:2)
  2 dart slugs
  3 ball pythons
  3 endoplasms
  A giant cockroach (D:2)
  5 goblins
  2 hobgoblins (D:1)
  7 kobolds
  A frilled lizard (D:2)
  5 rats
32 creatures vanquished.

Notes
Turn   | Place    | Note
-------+----------+-------------------------------------------
     0 | Abyss:1  | greasedhog the Gargoyle Abyssal Knight began the quest for
                  | the Orb.
     0 | Abyss:1  | Reached XP level 1. HP: 14/14 MP: 2/2
    31 | Abyss:1  | Found a corrupted altar of Lugonu.
    32 | Abyss:1  | Found a corrupted altar of Lugonu.
    37 | D:1      | Escaped the Abyss
   185 | D:1      | Reached XP level 2. HP: 19/19 MP: 3/3
   849 | D:1      | Found a faded altar of an unknown god.
  1008 | D:2      | Reached XP level 3. HP: 21/24 MP: 4/4
  1058 | D:2      | Reached skill level 4 in Fighting
  1895 | D:2      | Reached XP level 4. HP: 8/30 MP: 5/5
  1910 | D:2      | Slain by a gnoll

Illustrated notes

Levels and vault maps discovered:
D:1:      tarquinn_simple_flora_water_e, layout_loops_ring,
          hellmonk_ecumenical_altar_prayer_group
D:2:      layout_basic, mrwooster_statue_mirror, st_stairs_14,
          amcnicky_mini_rare_corridor_liquid, minivault_11

Skill      XL: |  1  2  3 |
---------------+----------+-----
Fighting       | 4 |  4.3
Maces & Flails | 3 |  3.2
Armour         | |  2.1
Dodging        | |  0.7
Invocations    | |  2.0

Action                   |  1- 3 |  4- 6 || total
-------------------------+-------+-------++-------
Melee: Mace              |   103 |       ||   103
  Use: Scroll            |     2 |       ||     2
Armor: Leather armour    |    41 |       ||    41
Dodge: Dodged            |    63 |     1 ||    64

Table legend: (Time is in decaauts)
 A = Elapsed time spent in this place.
 B = Non-inter-level travel time spent in this place.
 C = Inter-level travel time spent in this place.
 D = Time resting spent in this place.
 E = Time spent auto-exploring this place.
 F = Levels seen in this place.
 G = Mean time per level.
                   A        B        C        D        E       F      G
               +--------+--------+--------+--------+--------+-----+--------+
         Total |   1949 |   1918 |     31 |      9 |   1555 |   3 |  649.7 |
       Dungeon |   1900 |   1869 |     31 |      9 |   1555 |   2 |  950.0 |
         Abyss |     49 |     49 |      0 |      0 |      0 |   1 |   49.0 |
               +--------+--------+--------+--------+--------+-----+--------+

Top non-repeatable levels by time:
     D:2: 950 daAuts
     D:1: 950 daAuts
 Abyss:1: 49 daAuts
